 Dungeon Crawl Stone Soup version 0.30-a0-121-gb27577e5d9 (webtiles) character file.

Game seed: 14929284675516954093

140 NinjaNoafa the Trooper (level 5, -1/44 HPs)
             Began as a Palentonga Monk on Sept 14, 2022.
             Was a Believer of Makhleb.
             Slain by a kobold brigand
             ... wielding a +2 dagger of speed
              (9 damage)
             ... on level 3 of the Dungeon.
             The game lasted 00:08:08 (2610 turns).

NinjaNoafa the Trooper (Palentonga Monk)            Turns: 2610, Time: 00:08:08

Health: -1/44      AC: 14    Str: 14 (17) XL:     5   Next: 2%
Magic:  5/5        EV:  4    Int: 12 (15) God:    Makhleb [**....]
Gold:   111        SH:  0    Dex: 11 (12) Spells: 4/4 levels left

rFire   + . .      SeeInvis +    a - +1 hand axe
rCold   . . .      Faith    .    (no shield)
rNeg    . . .      Spirit   .    b - +4 chain mail {rF+}
rPois   .          Reflect  .    i - +2 hat {Int+3}
rElec   .          Harm     .    (no cloak)
rCorr   .          Rampage  .    k - +0 pair of gloves
Will    .....                    (no barding)
Stlth   ..........               (no amulet)
HPRegen 0.14/turn                (no ring)
MPRegen 0.09/turn                (no ring)

@: no status effects
A: large, rugged brown scales 3, see invisible, deformed body, roll 1, armoured
tail
a: Rolling Charge, Renounce Religion, Minor Destruction


You were on level 3 of the Dungeon.
You worshipped Makhleb.
Makhleb was pleased with you.
You visited 1 branch of the dungeon, and saw 3 of its levels.

You collected 111 gold pieces.

Inventory:

Hand Weapons
 a - a +1 hand axe (weapon)
Missiles
 g - 28 stones
 n - 4 poisoned darts (quivered)
Armour
 b - a +4 chain mail of fire resistance (worn)
 i - a +2 hat of intelligence (worn)
 k - a +0 pair of gloves (worn)
Scrolls
 c - 2 scrolls of noise
 d - a scroll of identify
 e - a scroll of enchant armour {unknown}
 h - a scroll of vulnerability
Potions
 j - a potion of cancellation
 l - a potion of magic


   Skills:
 + Level 4.3 Fighting
 + Level 4.2 Axes
 + Level 1.4 Armour
 - Level 2.4 Dodging
 - Level 1.2 Stealth


You had 4 spell levels left.
You didn't know any spells.
Your spell library contained the following spells:

 Spells                   Type           Power      Damage    Failure   Level
 Blade Hands              Tmut           0%         N/A       100%        5
 Irradiate                Conj/Tmut      0%         3d11      100%        5
 Dragon Form              Tmut           0%         N/A       100%        7


Dungeon Overview and Level Annotations

Branches:
Dungeon (3/15)

Altars:
Makhleb
Okawaru


Innate Abilities, Weirdness & Mutations

You are completely covered in rugged brown scales. (AC +3, +7% HP)
You have supernaturally acute eyesight. (SInv)
Armour fits poorly on your strangely shaped body.
You can roll at nearby foes to attack.
You have a long armoured tail.


Message History

The kobold brigand is severely wounded.
The kobold brigand hits you but does no damage.
The kobold brigand hits you with a +2 dagger of speed.
You hit the kobold brigand.
Your tail-slap misses the kobold brigand.
The kobold brigand is severely wounded.
The kobold brigand hits you with a +2 dagger of speed. x2
You closely miss the kobold brigand.
The kobold brigand is severely wounded.
The kobold brigand hits you but does no damage.
You closely miss the kobold brigand.
The kobold brigand is severely wounded.
The kobold brigand hits you but does no damage.
The kobold brigand hits you with a +2 dagger of speed.
You miss the kobold brigand.
The kobold brigand is severely wounded.
The kobold brigand hits you but does no damage.
The kobold brigand barely misses you.
You hit the kobold brigand.
The kobold brigand is almost dead.
The kobold brigand hits you with a +2 dagger of speed.
You hit the kobold brigand but do no damage.
You tail-slap the kobold brigand.
The kobold brigand is almost dead.
The kobold brigand hits you with a +2 dagger of speed.
The kobold brigand hits you with a +2 dagger of speed!
You closely miss the kobold brigand.
Your tail-slap misses the kobold brigand.
The kobold brigand is almost dead.
The kobold brigand hits you with a +2 dagger of speed.
* * * LOW HITPOINT WARNING * * *
The kobold brigand hits you with a +2 dagger of speed.
* * * LOW HITPOINT WARNING * * *
Throw: 5 darts (poison)
Press: ? - help, Q - select action, (/) - cycle Shift-Dir - straight line, f - kobold brigand
Aim: a kobold brigand, wielding a +2 dagger of speed and quivering curare-tipped darts (almost dead, 50% to hit)
You throw a poisoned dart.
The poisoned dart barely misses the kobold brigand.
The kobold brigand hits you with a +2 dagger of speed!
You die...

#>..# #.#
#.#.######.# #.#
#.#.#......# #..
#.#.#.######. ###
#.#..........
#.###.#############
##..................
#...##.#############
#..@.).###
#)K###.).###
#(.#~#.#...##
##))#~~...........
#..##~~####.######
#..#≈~~~# #...###
#.)#≈~~~# ###...#
#..#≈~~~# ###.#
#..##~~## #####.#


You could see a kobold brigand.

Vanquished Creatures
  Jessica (D:2)
  Terence (D:2)
  2 worms
  5 dart slugs
  5 orcs (D:3)
  6 bats
  2 endoplasms (D:1)
  4 giant cockroaches
  2 goblins
  7 hobgoblins
  7 jackals
  10 kobolds
  2 quokkas
  A ball python (D:3)
  4 frilled lizards
  3 rats
  A spectral hobgoblin (D:1)
63 creatures vanquished.

Notes
Turn   | Place    | Note
-------+----------+-------------------------------------------
     0 | D:1      | NinjaNoafa the Palentonga Monk began the quest for the Orb.
     0 | D:1      | Reached XP level 1. HP: 19/19 MP: 1/1
   139 | D:1      | Reached XP level 2. HP: 25/25 MP: 2/2
   378 | D:1      | Reached skill level 1 in Armour
   451 | D:1      | Found a faded altar of an unknown god.
   608 | D:1      | Reached XP level 3. HP: 18/31 MP: 3/3
   886 | D:2      | Found an iron altar of Okawaru.
   890 | D:2      | Noticed Jessica
   892 | D:2      | Killed Jessica
   934 | D:2      | Reached XP level 4. HP: 28/39 MP: 4/4
  1326 | D:2      | Noticed Terence
  1360 | D:2      | Killed Terence
  2051 | D:3      | Noticed a kobold brigand
  2068 | D:3      | HP: 1/39 [kobold brigand/+2 dagger of speed (4)]
  2400 | D:3      | Found a burning altar of Makhleb.
  2465 | D:3      | Became a worshipper of Makhleb the Destroyer
  2465 | D:3      | Reached * piety under Makhleb
  2465 | D:3      | Reached ** piety under Makhleb
  2495 | D:3      | Reached XP level 5. HP: 44/44 MP: 5/5
  2610 | D:3      | Slain by a kobold brigand

Illustrated notes

Levels and vault maps discovered:
D:1:      nagdon_arrival_double_spiral, layout_basic,
          dreamdust_ecumenical_altar_drowned_temple
D:2:      layout_rooms, basic_altar, serial_bayou_pond_d, uniq_jessica,
          uniq_terence
D:3:      cheibrodos_thug_alley, layout_basic, mainiacjoe_overflow_alcove_4,
          chequers_arboretum, minmay_vboxes

Skill      XL: |  1  2  3  4 |
---------------+-------------+-----
Armour         | 1 |  1.4
Fighting       | 4 |  4.3
Axes           | 4 |  4.2
Dodging        | |  2.4
Stealth        | |  1.2

Action                   |  1- 3 |  4- 6 || total
-------------------------+-------+-------++-------
Melee: Hand axe          |    63 |   120 ||   183
       Tailslap          |     5 |    10 ||    15
       Punch             |       |     1 ||     1
Throw: Dart              |       |     1 ||     1
 Abil: Rolling Charge    |    16 |    18 ||    34
  Use: Potion            |       |     9 ||     9
       Scroll            |       |     4 ||     4
Armor: Ring mail         |    17 |       ||    17
       Robe              |    10 |     4 ||    14
       Chain mail        |       |    60 ||    60
       Skin              |       |    10 ||    10
Dodge: Dodged            |    39 |    34 ||    73

Table legend: (Time is in decaauts)
 A = Elapsed time spent in this place.
 B = Non-inter-level travel time spent in this place.
 C = Inter-level travel time spent in this place.
 D = Time resting spent in this place.
 E = Time spent auto-exploring this place.
 F = Levels seen in this place.
 G = Mean time per level.
                   A        B        C        D        E       F      G
               +--------+--------+--------+--------+--------+-----+--------+
         Total |   2641 |   2383 |    258 |      0 |   1871 |   3 |  880.3 |
       Dungeon |   2641 |   2383 |    258 |      0 |   1871 |   3 |  880.3 |
               +--------+--------+--------+--------+--------+-----+--------+

Top non-repeatable levels by time:
     D:3: 962 daAuts
     D:1: 863 daAuts
     D:2: 815 daAuts
